 Dungeon Crawl Stone Soup version 0.27-b1-16-g6517624069 (webtiles) character file.

Game seed: 15475648007130669369

258 mhtbhm the Chopper (level 5, -1/47 HPs)
             Began as a Minotaur Fighter on July 27, 2021.
             Was a Follower of Qazlal.
             Slain by an orc (4 damage)
             ... on level 4 of the Dungeon.
             The game lasted 00:03:53 (3531 turns).

mhtbhm the Chopper (Minotaur Fighter)               Turns: 3531, Time: 00:03:53

Health: -1/47      AC:  9    Str: 22    XL:     5   Next: 94%
Magic:  4/4        EV:  6    Int: 11    God:    Qazlal [*.....]
Gold:   182        SH: 11    Dex:  9    Spells: 4/4 levels left

rFire    . . .     SeeInvis .   a - +0 war axe
rCold    . . .     Faith    .   c - +0 kite shield
rNeg     . . .     Spirit   .   b - +0 chain mail
rPois    .         Reflect  .   (helmet restricted)
rElec    .         Harm     .   (no cloak)
rCorr    .         Rampage  .   (no gloves)
Will     .....                  (no boots)
Stlth    ..........             (no amulet)
HPRegen  0.15/turn              g - +6 ring of intelligence
MPRegen  0.09/turn              (no ring)

@: lethally poisoned (-1 -> -12)
A: horns 2, retaliatory headbutt
a: Renounce Religion


You were on level 4 of the Dungeon.
You worshipped Qazlal.
Qazlal was aware of your devotion.
You visited 1 branch of the dungeon, and saw 4 of its levels.

You collected 182 gold pieces.

Inventory:

Hand Weapons
 a - a +0 war axe (weapon)
Armour
 b - a +0 chain mail (worn)
 c - a +0 kite shield (worn)
Jewellery
 g - a +6 ring of intelligence (left hand)
Wands
 l - a wand of flame (18)
Scrolls
 d - a scroll of immolation
 f - a scroll of teleportation
 i - a scroll of holy word
 k - a scroll of magic mapping {unknown}
 m - a scroll of brand weapon {unknown}
 n - a scroll of vulnerability {unknown}
Potions
 j - a potion of resistance


   Skills:
 + Level 4.8 Fighting
 + Level 5.3 Axes
 + Level 4.5 Armour
 + Level 1.2 Dodging
 + Level 0.1 Stealth
 + Level 4.4 Shields


You had 4 spell levels left.
You didn't know any spells.
Your spell library contained the following spells:

 Spells                   Type           Power      Damage    Failure   Level
 Ensorcelled Hibernation  Hex/Ice        0%         N/A       100%        2
 Spider Form              Tmut/Pois      0%         N/A       100%        3
 Shadow Creatures         Summ           N/A        N/A       100%        6


Dungeon Overview and Level Annotations

Branches:
Dungeon (4/15)
 Temple: D:4-7

Altars:
Qazlal


Innate Abilities, Weirdness & Mutations

You have a pair of horns on your head.
You reflexively headbutt those who attack you in melee.


Message History

You slash the scorpion!
You kill the scorpion!
Qazlal accepts your kill.
You closely miss the orc. You hit the endoplasm.
You feel extremely sick.
A ball python comes into view.
You block the orc's attack. The endoplasm freezes you.
You are frozen.
The adder bites you but does no damage. The orc hits you with a +0 short sword.
* * * LOW HITPOINT WARNING * * *
You block the endoplasm's attack.
Your Axes skill increases to level 5!
Unknown command.
Okay, then.
Okay, then.
Okay, then.
Okay, then.
Unknown command.
Okay, then.
You closely miss the giant cockroach. You miss the adder.
You barely miss the endoplasm. You hit the orc.
* * * LOW HITPOINT WARNING * * *
You feel very sick. The adder bites you but does no damage.
You block the giant cockroach's attack. The orc hits you but does no damage.
The adder barely misses you.
The endoplasm hits you but does no damage.
You block the giant cockroach's attack.
Unknown command.
You barely miss the endoplasm.
The endoplasm is almost dead.
Your chain mail prevents you from hitting the orc.
You barely miss the giant cockroach. You closely miss the ball python.
You slash the adder!
* * * LOW HITPOINT WARNING * * *
You feel very sick. You block the adder's attack.
The ball python bites you but does no damage.
You block the ball python's attack. The orc hits you with a +0 short sword.
You die...

.. #..# ... ...#
.... ..#
....##.########
...............
...............
. #.<.......
...$###S°.......
.....gB@........
......oJS....$..
................
....../?>...####
.........##...
.........# ####
..........
..........


You could see an adder, an orc, an endoplasm, a giant cockroach, a hobgoblin and
a ball python.

Vanquished Creatures
  A scorpion (D:4)
  2 orc priests (D:3)
  A howler monkey zombie (D:3)
  A gnoll (D:1)
  2 adders
  2 worms (D:2)
  3 dart slugs
  4 orcs (D:3)
  4 ball pythons
  10 endoplasms
  4 giant cockroaches
  6 goblins
  5 hobgoblins
  8 jackals (D:2)
  5 quokkas
  10 bats
  3 frilled lizards
  7 kobolds
  7 rats
  2 bushes (D:1)
87 creatures vanquished.

Vanquished Creatures (others)
  3 fungi (D:3)
  9 plants
12 creatures vanquished.

Grand Total: 99 creatures vanquished

Notes
Turn   | Place    | Note
-------+----------+-------------------------------------------
     0 | D:1      | mhtbhm the Minotaur Fighter began the quest for the Orb.
     0 | D:1      | Reached XP level 1. HP: 19/19 MP: 0/0
    79 | D:1      | Reached XP level 2. HP: 10/27 MP: 1/1
   700 | D:1      | Reached XP level 3. HP: 33/33 MP: 2/2
  1016 | D:1      | Reached skill level 3 in Axes
  1772 | D:2      | Reached XP level 4. HP: 41/41 MP: 3/3
  1820 | D:2      | Found a stormy altar of Qazlal.
  1850 | D:2      | Became a worshipper of Qazlal Stormbringer
  2445 | D:3      | Reached skill level 4 in Axes
  2445 | D:3      | Reached skill level 1 in Dodging
  2451 | D:3      | Reached XP level 5. HP: 14/47 MP: 4/4
  2827 | D:3      | Found a faded altar of an unknown god.
  3075 | D:3      | Reached * piety under Qazlal
  3530 | D:4      | Reached skill level 5 in Axes
  3531 | D:4      | Slain by an orc

Illustrated notes

Levels and vault maps discovered:
D:1:      lightli_arrival_lavapool, layout_basic, serial_forest,
          infiniplex_forest_clump_large, infiniplex_forest_clump_double,
          infiniplex_forest_lined_3_way, infiniplex_forest_split,
          infiniplex_forest_lined_corner, infiniplex_forest_clump_large,
          infiniplex_forest_split, hangedman_feature_mirror
D:2:      layout_basic, serial_curves, eino_curves_04, eino_curves_01,
          basic_altar, st_stairs_5
D:3:      cheibrodos_pilgrimage, layout_loops_ring,
          shapermc_ecumenical_altar_ellora, nrook_mini_backslash,
          grunt_ministairs_5, minmay_misc_feat_enclosed, item_on_display_a
D:4:      layout_rooms, minmay_temple_entry_statues_pillars, serial_curves,
          eino_curves_03, eino_curves_02, uniq_crazy_yiuf_cottage

Skill      XL: |  1  2  3  4  5 |
---------------+----------------+-----
Fighting       | 4 |  4.8
Armour         | 4 |  4.5
Shields        | 4 |  4.4
Axes           | 3 4 5 |  5.3
Dodging        | 1 |  1.2
Stealth        | |  0.1

Action                   |  1- 3 |  4- 6 || total
-------------------------+-------+-------++-------
Melee: War axe           |   194 |   110 ||   304
       Headbutt          |    55 |    13 ||    68
  Use: Scroll            |       |     5 ||     5
       Potion            |       |     1 ||     1
Armor: Scale mail        |    44 |    20 ||    64
       Chain mail        |       |    40 ||    40
Dodge: Dodged            |    35 |    44 ||    79
Block: Kite shield       |    59 |    67 ||   126
